 Dungeon Crawl Stone Soup version 0.20-a0-1020-g7b9e4fe (webtiles) character file.

791 JeffiDaFish the Cudgeler (level 7, 0/44 HPs)
             Began as a Gargoyle Fighter on Apr 18, 2017.
             Slain by a slave (3 damage)
             ... led by Pikel
             ... on level 5 of the Dungeon.
             The game lasted 00:10:56 (3428 turns).

JeffiDaFish the Cudgeler (Gargoyle Fighter)         Turns: 3428, Time: 00:10:57

Health: 0/44       AC: 16    Str: 20    XL:     7   Next: 88%
Magic:  7/7        EV:  6    Int:  8    God:
Gold:   292        SH: 11    Dex: 11    Spells: 6/6 levels left

rFire    + . .     SeeInvis .   a - +0 flail
rCold    . . .     Gourm    .   c - +1 shield
rNeg     + . .     Faith    .   n - +1 chain mail {rF+}
rPois    ∞         Spirit   .   (no helmet)
rElec    +         Reflect  .   d - +0 cloak
rCorr    .         Harm     .   (no gloves)
MR       .....                  (no boots)
Stlth    ..........             (no amulet)
Regen    0.2/turn               (no ring)
MPRegen  0.1/turn               (no ring)

@: about to teleport
A: negative energy resistance 1, electricity resistance, unbreathing,
petrification resistance, rot immunity, AC +4
a: no special abilities


You were on level 5 of the Dungeon.
You were not hungry.

You visited 1 branch of the dungeon, and saw 5 of its levels.

You collected 292 gold pieces.

Inventory:

Hand Weapons
 a - a +0 flail (weapon)
Armour
 c - a +1 shield (worn)
 d - a +0 cloak (worn)
 n - a +1 chain mail of fire resistance (worn)
Scrolls
 e - 3 scrolls of identify
 h - 2 scrolls of teleportation
 p - a scroll of recharging
Potions
 b - a potion of magic
 k - a potion of might
 m - a potion of brilliance
 o - a potion of agility
 q - a potion of flight
Books
 r - a book of Cantrips

   Spells                             Type                      Level
   a - Confusing Touch                Hexes                        1
   b - Animate Skeleton               Necromancy                   1
   c - Summon Small Mammal            Summoning                    1
   d - Apportation                    Translocation                1
Comestibles
 f - 4 bread rations
 g - 3 meat rations
 i - 10 fruits
 j - 2 royal jellies
 l - 4 chunks of flesh


   Skills:
 + Level 4.6 Fighting
 + Level 5.8 Maces & Flails
 + Level 4.6 Armour
 + Level 1.7 Dodging
 + Level 0.2 Stealth
 + Level 5.6 Shields


You had 6 spell levels left.
You didn't know any spells.

Dungeon Overview and Level Annotations

Branches:
Dungeon (5/15)
 Temple: D:4-7

Altars:
Qazlal
Sif Muna
Vehumet
Wu Jian
Xom


Innate Abilities, Weirdness & Mutations

You are resistant to torment.
Your stone body is resilient. (AC +4)
You are immune to poison.
You resist negative energy. (rN+)
You are resistant to electric shocks. (rElec)
You can survive without breathing.
You are immune to petrification.
You are immune to rotting.


Message History

You block the slave's attack. You block the scorpion's attack.
The slave hits you.
* * * LOW HITPOINT WARNING * * *
The orc hits you but does no damage. The orc barely misses you.
The slave hits you.
* * * LOW HITPOINT WARNING * * *
The slave hits you but does no damage. The howler monkey barely misses you.
Okay, then.
The scorpion stings you but does no damage.
The slave barely misses you. You block the orc's attack.
The slave barely misses you.
The howler monkey hoots and howls with incredible vigour!
The orc hits you but does no damage.
You hear a bark!
As you read the scroll of teleportation, it crumbles to dust.
You feel strangely unstable. You block the slave's attack.
The scorpion stings you but does no damage.
The orc hits you but does no damage. You block the orc's attack.
The slave hits you.
You die...

......##r###.... .#.# ......##r#
..## ... .. ......##.# ..##.##
... ......##.#####.#...##......#
.......#..?................#...
................)..............#.
......######....h)........#......
...[..# #..opso...............
......######...p@p...............
.................................
####...#...###.......#...##......
#.......###.....).#.).........
###.....#...#.......###.......
#.......###.####### #<......
####.....#.....# ##......
#..........##### ##.....
#.........## #####.


You could see 3 slaves, a scorpion, a howler monkey and 2 orcs.

Vanquished Creatures
  Grinder (D:3)
  Eustachio (D:5)
  A scorpion (D:4)
  Ijyb (D:5)
  Crazy Yiuf (D:2)
  An orc wizard (D:4)
  Jessica (D:2)
  Natasha (D:3)
  Terence (D:3)
  A worker ant (D:4)
  10 adders
  4 oozes
  6 worms
  A dart slug (D:1)
  5 leopard geckos
  9 orcs
  2 ball pythons
  A giant cockroach (D:3)
  2 goblins (D:1)
  6 hobgoblins
  6 jackals
  11 kobolds
  3 quokkas
  12 bats
  5 frilled lizards
  A jackal skeleton (D:4)
  A quokka skeleton (D:5)
  5 rats
100 creatures vanquished.

Vanquished Creatures (others)
  An orc (D:5)
1 creature vanquished.

Grand Total: 101 creatures vanquished

Notes
Turn   | Place    | Note
-------+----------+-------------------------------------------
     0 | D:1      | JeffiDaFish the Gargoyle Fighter began the quest for the Orb.
     0 | D:1      | Reached XP level 1. HP: 14/14 MP: 1/1
   332 | D:1      | Reached XP level 2. HP: 19/19 MP: 2/2
   814 | D:1      | Reached XP level 3. HP: 21/23 MP: 3/3
  1141 | D:2      | Found a runed door.
  1145 | D:2      | Noticed Crazy Yiuf
  1155 | D:2      | Killed Crazy Yiuf
  1155 | D:2      | Reached XP level 4. HP: 3/29 MP: 0/4
  1616 | D:2      | Noticed Jessica
  1621 | D:2      | Killed Jessica
  1621 | D:2      | Reached skill level 1 in Dodging
  1621 | D:2      | Reached XP level 5. HP: 33/33 MP: 5/5
  2336 | D:3      | Noticed Natasha
  2344 | D:3      | Killed Natasha
  2446 | D:3      | Noticed Grinder
  2452 | D:3      | Paralysed by Grinder for 7 turns
  2465 | D:3      | Killed Grinder
  2465 | D:3      | Reached skill level 5 in Maces & Flails
  2465 | D:3      | Reached XP level 6. HP: 35/38 MP: 6/6
  2476 | D:3      | Noticed Terence
  2479 | D:3      | Killed Terence
  2479 | D:3      | Reached XP level 7. HP: 42/43 MP: 7/7
  2700 | D:4      | Found a stormy altar of Qazlal.
  2987 | D:4      | Found an ornate altar of the Wu Jian Council.
  3092 | D:4      | Found a radiant altar of Vehumet.
  3095 | D:4      | Found a deep blue altar of Sif Muna.
  3098 | D:4      | Found a shimmering altar of Xom.
  3158 | D:5      | Entered Level 5 of the Dungeon
  3310 | D:5      | Reached skill level 5 in Shields
  3347 | D:5      | Noticed Eustachio
  3359 | D:5      | Noticed Ijyb
  3380 | D:5      | Killed Ijyb
  3415 | D:5      | Killed Eustachio
  3428 | D:5      | Slain by a slave

Vault maps used:
D:1:      nagdon_arrival_zigzag_paths, minmay_fountain_box,
          grunt_decor_mini_mirrors, minmay_surrounded
D:2:      uniq_crazy_yiuf_cottage, uniq_jessica
D:3:      uniq_grinder, uniq_natasha, uniq_terence
D:4:      lemuel_crystal_altar, lemuel_coloured_pillars_altar,
          grunt_temple_overflow_diamond, first_bread
D:5:      hangedman_decor_lopped, uniq_eustachio, uniq_edmund, uniq_pikel,
          uniq_iyjb

Skill      XL: |  1  2  3  4  5  6  7 |
---------------+----------------------+-----
Maces & Flails | 3 5 |  5.8
Dodging        | 1 |  1.7
Shields        | 4 5 |  5.6
Fighting       | 4 |  4.6
Armour         | 4 |  4.6
Stealth        | |  0.2

Action                   |  1- 3 |  4- 6 |  7- 9 || total
-------------------------+-------+-------+-------++-------
Melee: Flail             |   120 |   114 |   217 ||   451
  Use: Potion            |     5 |     2 |     5 ||    12
       Scroll            |     4 |     3 |     2 ||     9
 Stab: Invisible         |       |       |     1 ||     1
  Eat: Chunk             |     1 |     4 |     4 ||     9
Armor: Scale mail        |    63 |    42 |       ||   105
       Chain mail        |       |    14 |   253 ||   267
Dodge: Dodged            |    29 |    43 |    97 ||   169
Block: Shield            |    78 |    78 |   223 ||   379
